 Dungeon Crawl Stone Soup version 0.17.1-3-g152610e (webtiles) character file.

354 kaze the Skirmisher (level 6, -1/73 HPs)
             Began as a Demonspawn Berserker on Apr 25, 2016.
             Was a Priest of Trog.
             Succumbed to Sigmund's poison
             ... on level 3 of the Dungeon.
             The game lasted 00:04:18 (2241 turns).

kaze the Skirmisher (Demonspawn Berserker)          Turns: 2241, Time: 00:04:18

Health: -1/73      AC: 11    Str: 24    XL:     6   Next: 35%
Magic:  6/6        EV: 15    Int:  9    God:    Trog [***...]
Gold:   156        SH:  3    Dex: 12    Spells: 0 memorised, 5 levels left

rFire  . . .     SeeInvis .     x - +2 hand axe (elec)
rCold  . . .     Clarity  .     i - +0 scale mail
rNeg   + . .     SustAt   .     u - +0 buckler
rPois  .         Gourm    .     (no helmet)
rElec  .         Spirit   .     (no cloak)
rCorr  .         Warding  .     (no gloves)
rMut   .         Stasis   .     k - +1 pair of boots
MR     .....                    m - amulet of faith
Stlth  ..........               j - +5 ring of evasion
                                h - ring of positive energy (curse)

@: berserking (expiring), lethally poisoned (-1 -> -46), very quick, not
resistant to hostile enchantments, extremely unstealthy
A: talons 2, yellow scales 2
a: Berserk, Trog's Hand, Burn Spellbooks, Renounce Religion


You were on level 3 of the Dungeon.
You worshipped Trog.
Trog was most pleased with you.
You were not hungry.

You visited 1 branch of the dungeon, and saw 3 of its levels.

You collected 156 gold pieces.

Inventory:

Hand Weapons
 n - a +1 spear of flaming
 x - a +2 hand axe of electrocution (weapon)
Missiles
 o - 3 tomahawks (quivered)
Armour
 b - a +0 animal skin
 i - a +0 scale mail (worn)
 k - a +1 pair of boots (worn)
 u - a +0 buckler (worn)
Jewellery
 h - a cursed ring of positive energy (left hand)
 j - a +5 ring of evasion (right hand)
 m - an amulet of faith (around neck)
Scrolls
 e - 2 scrolls of magic mapping
 r - 2 scrolls of identify
 s - 4 scrolls of teleportation {unknown}
 t - 3 scrolls of remove curse {unknown}
 v - a scroll of enchant weapon {unknown}
 y - a scroll of blinking {unknown}
Potions
 a - a potion of magic {unknown}
 f - a potion of lignification {unknown}
 g - 2 potions of curing {unknown}
 l - 2 potions of degeneration {unknown}
 p - a potion of flight {unknown}
 q - 2 potions of ambrosia {unknown}
 w - a potion of poison {unknown}
 z - a potion of resistance {unknown}
Comestibles
 c - 2 bread rations
 d - 2 meat rations


   Skills:
 + Level 4.6 Fighting
   Level 3.1 Long Blades
 + Level 0.8(1.2) Axes
 + Level 1.3(1.5) Polearms
 + Level 3.1 Armour
 + Level 3.5 Dodging
 - Level 0.6 Stealth
 + Level 0.1 Shields


You had 5 spell levels left.
You didn't know any spells.

Dungeon Overview and Level Annotations

Branches:
Dungeon (3/15)

Altars:
Elyvilon

Annotations:
D:3 Sigmund


Innate Abilities, Weirdness & Mutations

You have razor-sharp toenails.
You are mostly covered in yellow scales (AC +3).


Message History

You are more poisoned.
You barely miss something.
* * * LOW HITPOINT WARNING * * *
You feel sick.
A rat comes into view.
You miss something.
* * * LOW HITPOINT WARNING * * *
You feel very sick. Something hits you but does no damage.
You are more poisoned.
You closely miss something.
* * * LOW HITPOINT WARNING * * *
You feel very sick.
You hit something.
* * * LOW HITPOINT WARNING * * *
You feel sick. Something hits you!
* * * LOW HITPOINT WARNING * * *
You are more poisoned.
You are too berserk!
You die...

.....# ##..##.####.
.....######<......##
............##<....#
.
.....#########..r.(#
... .....# #.....#
.... .....#
#.....##..... ######
#............
##.#.#.#.#.#.
#.@.)......
#.#{#.#.#.#
#..s........
#.#.#.#.#.#.
#.).........
#.#?#.#.#.#. #....
.[.. #.#.# #.


You could see a giant cockroach.

Vanquished Creatures
  Grinder (D:3)
  An orc wizard (D:3)
  5 adders
  2 worms (D:3)
  A giant gecko (D:1)
  3 orcs (D:3)
  A ball python (D:1)
  12 bats
  4 giant cockroaches
  15 goblins
  9 hobgoblins
  4 jackals (D:1)
  A quokka (D:3)
  6 giant newts
  4 kobolds
  3 rats
72 creatures vanquished.

Notes
Turn   | Place    | Note
--------------------------------------------------------------
     0 | D:1      | kaze the Demonspawn Berserker began the quest for the Orb.
     0 | D:1      | Reached XP level 1. HP: 18/18 MP: 1/1
   135 | D:1      | Gained mutation: You have sharp toenails. [demonic ancestry]
   135 | D:1      | Reached XP level 2. HP: 18/24 MP: 2/2
   634 | D:1      | Reached ** piety under Trog
   634 | D:1      | Gained mutation: You are partially covered in yellow scales (AC +2). [demonic ancestry]
   634 | D:1      | Reached XP level 3. HP: 24/29 MP: 3/3
  1057 | D:2      | Found a white marble altar of Elyvilon.
  1695 | D:3      | Gained mutation: You are mostly covered in yellow scales (AC +3). [demonic ancestry]
  1695 | D:3      | Reached XP level 4. HP: 35/37 MP: 4/4
  1851 | D:3      | Reached skill level 4 in Fighting
  1892 | D:3      | Reached *** piety under Trog
  2114 | D:3      | Noticed Grinder
  2144 | D:3      | Killed Grinder
  2144 | D:3      | Reached skill level 1 in Polearms
  2144 | D:3      | Reached XP level 5. HP: 33/43 MP: 5/5
  2144 | D:3      | Gained mutation: You have razor-sharp toenails. [demonic ancestry]
  2144 | D:3      | Reached XP level 6. HP: 37/49 MP: 6/6
  2218 | D:3      | Noticed Sigmund
  2240 | D:3      | HP: 2/73 [something (7)]
  2241 | D:3      | Succumbed to Sigmund's poison

Action                   |  1- 3 |  4- 6 || total
-------------------------+-------+-------++-------
Melee: Falchion          |    85 |       ||    85
       Spear             |    50 |    17 ||    67
       Hand axe          |       |    74 ||    74
Invok: Berserk           |     1 |     2 ||     3
       Trog's Hand       |       |     1 ||     1
  Use: Scroll            |     2 |     1 ||     3
 Stab: Sleeping          |     2 |       ||     2
  Eat: Meat ration       |     1 |       ||     1
       Bread ration      |       |     1 ||     1
